 Dungeon Crawl Stone Soup version 0.18-a0-1195-g77a4f03 (webtiles) character file.

101 Chiseanne the Skirmisher (level 4, -1/37 HPs)
             Began as a Centaur Air Elementalist on Jan 29, 2016.
             Slain by an iron imp (5 damage)
             ... summoned by Eustachio
             ... on level 4 of the Dungeon.
             The game lasted 00:06:17 (3486 turns).

Chiseanne the Skirmisher (Centaur Air Elementalist) Turns: 3486, Time: 00:06:17

Health: -1/37      AC:  5    Str: 11      XL:     4   Next: 48%
Magic:  6/6        EV:  8    Int: 15      God:
Gold:   173        SH:  0    Dex:  8 (9)  Spells: 1 memorised, 5 levels left

rFire  . . .     SeeInvis .     s - +2 dagger (venom)
rCold  + . .     Gourm    .     y - +0 ring mail {rC+}
rNeg   . . .     Faith    .     (no shield)
rPois  .         Spirit   .     (no helmet)
rElec  .         Dismiss  .     (no cloak)
rCorr  .         Reflect  .     (no gloves)
SustAt .         Harm     .     (no barding)
MR     .....                    (no amulet)
Stlth  ..........               (no ring)
                                (no ring)

@: very quick, not resistant to hostile enchantments, extremely unstealthy
A: hooves 3, deformed body, speed 2, tough skin 3
a: no special abilities


You were on level 4 of the Dungeon.
You were not hungry.

You visited 1 branch of the dungeon, and saw 4 of its levels.

You collected 173 gold pieces.

Inventory:

Hand Weapons
 a - a +3 spear of pain
 e - a +1 hunting sling of flaming
 s - a +2 dagger of venom (weapon)
Missiles
 j - 15 bolts
 o - 14 poisoned needles
 p - 6 tomahawks (quivered)
 r - 80 arrows
 u - 11 sling bullets
Armour
 y - a +0 ring mail of cold resistance (worn)
Wands
 t - a wand of lightning (4/15)
Scrolls
 g - a scroll of magic mapping
 l - 2 scrolls of remove curse
 q - 3 scrolls of teleportation
 v - a scroll of fear
 x - 2 scrolls of enchant armour
Potions
 d - 2 potions of haste
 f - 3 potions of flight
 i - 2 potions of lignification
 n - 2 potions of cure mutation {unknown}
 z - 2 potions of agility {unknown}
 A - 3 potions of curing {unknown}
 B - 3 potions of heal wounds {unknown}
Books
 b - a book of Air

   Spells                             Type                      Level
   a - Shock                          Conjuration/Air              1
   b - Swiftness                      Charms/Air                   2
   c - Repel Missiles                 Charms/Air                   2
   d - Static Discharge               Conjuration/Air              3
   e - Lightning Bolt                 Conjuration/Air              5
Comestibles
 c - 3 bread rations
 h - 7 chunks of flesh
 k - 2 slices of pizza
 m - a beef jerky
 w - a royal jelly


   Skills:
 + Level 2.8 Fighting
 * Level 2.0 Armour
 - Level 1.3 Dodging
 - Level 1.2 Stealth
 - Level 1.5 Spellcasting
 - Level 0.8 Conjurations
 - Level 2.6 Air Magic


You had 5 spell levels left.
You knew the following spells:

 Your Spells              Type           Power        Failure   Level  Hunger
a - Shock                 Conj/Air       #...         28%         1    ##.....


Dungeon Overview and Level Annotations

Branches:
Dungeon (4/15)
 Temple: D:4-7

Altars:
Zin

Annotations:
D:4 Eustachio


Innate Abilities, Weirdness & Mutations

You have hooves in place of feet.
Armour fits poorly on your strangely shaped body.
You cover ground very quickly.
You have extremely tough skin (AC +3).


Message History

The quasit claws you but does no damage.
Eustachio says, "Summoning is fun!"
Eustachio hits you with a falchion.
You hit Eustachio but do no damage.
Eustachio is poisoned.
Eustachio is lightly wounded.
The quasit bites you but does no damage.
The quasit claws you but does no damage. x2
The iron imp hits you!
The shadow imp lashes its tail.
Eustachio hits you with a falchion.
* * * LOW HITPOINT WARNING * * *
You closely miss Eustachio. Your kick misses Eustachio.
Eustachio is lightly wounded.
The quasit bites you.
* * * LOW HITPOINT WARNING * * *
You feel clumsy. The quasit barely misses you.
The quasit claws you but does no damage.
The iron imp hits you.
You die...

....#.##..........#
#..........####.# ##......#####
#.# #.....### #.# ##.).## #.#
##.## #.# #. #.# #.# .### #.#
####.### ..# ##@## #....... #.#
##5@5## #.##.### #.## ##..5..##
###.##.# # #..## ##.^.....##
#......###
#####...####....[....###.........
...........'.........'.......###.
####....####.........###...))....
# #.#.## ##.......## #.#..####) #
#.### ##.....## #......##.


You could see Eustachio, an iron imp, a quasit and a shadow imp.

Vanquished Creatures
  4 adders
  A worm (D:2)
  2 giant geckos
  3 orcs (D:4)
  5 bats
  7 giant cockroaches
  7 goblins
  7 hobgoblins
  2 quokkas (D:3)
  A giant gecko skeleton (D:4)
  4 giant newts
  5 kobolds
  5 rats
53 creatures vanquished.

Notes
Turn   | Place    | Note
--------------------------------------------------------------
     0 | D:1      | Chiseanne the Centaur Air Elementalist began the quest for the Orb.
     0 | D:1      | Reached XP level 1. HP: 14/14 MP: 3/3
   367 | D:1      | Reached skill level 1 in Fighting
   483 | D:1      | Reached XP level 2. HP: 5/24 MP: 0/4
  1175 | D:2      | Reached skill level 1 in Armour
  1208 | D:2      | Reached XP level 3. HP: 24/29 MP: 5/5
  2289 | D:3      | Reached XP level 4. HP: 34/37 MP: 6/6
  2803 | D:3      | Found a glowing silver altar of Zin.
  3413 | D:4      | Noticed Eustachio
  3486 | D:4      | Slain by an iron imp

Vault maps used:
D:1:      noname_arrival_rooms_in_the_neighbourhood, minmay_misc_feat_nine_boxes
D:2:      first_bread
D:3:      kennysheep_big_flooded_room, zin_treasury
D:4:      minmay_temple_entry_mist, serial_glass, glass_columns_a,
          glass_columns_c, uniq_eustachio, uniq_blork_the_orc, uniq_pikel

Action                   |  1- 3 |  4- 6 || total
-------------------------+-------+-------++-------
Melee: Short sword       |    22 |       ||    22
       Unarmed           |     1 |       ||     1
       Spear             |   107 |    44 ||   151
       Dagger            |       |     4 ||     4
 Cast: Shock             |    17 |       ||    17
  Use: Scroll            |     8 |     2 ||    10
  Eat: Chunk             |     3 |     4 ||     7
